 Dungeon Crawl Stone Soup version 0.21.1-1-g345015fe64 (webtiles) character file.

764 zuho the Skirmisher (level 7, -9/58 HPs)
             Began as a Demonspawn Gladiator on May 10, 2018.
             Mangled by an ogre
             ... wielding a +0 giant club
              (24 damage)
             ... on level 4 of the Dungeon.
             The game lasted 00:06:34 (2538 turns).

zuho the Skirmisher (Demonspawn Gladiator)          Turns: 2538, Time: 00:06:34

Health: -9/58      AC:  5    Str: 16    XL:     7   Next: 51%
Magic:  7/7        EV: 12    Int: 10    God:
Gold:   362        SH:  0    Dex: 17    Spells: 6/6 levels left

rFire    . . .     SeeInvis +   i - +0 long sword
rCold    . . .     Gourm    .   (no shield)
rNeg     . . .     Faith    .   p - +0 ring mail
rPois    .         Spirit   .   (helmet restricted)
rElec    .         Reflect  .   (no cloak)
rCorr    .         Harm     .   (no gloves)
MR       .....                  (no boots)
Stlth    ++........             (no amulet)
HPRegen  0.19/turn              l - ring of see invisible
MPRegen  0.10/turn              m - +3 ring of dexterity

@: no status effects
A: horns 1, nightstalker 1, spiny 1
a: no special abilities


You were on level 4 of the Dungeon.
You were not hungry.

You visited 1 branch of the dungeon, and saw 4 of its levels.

You collected 362 gold pieces.

Inventory:

Hand Weapons
 a - a +0 long sword
 i - a +0 long sword (weapon)
 n - a +0 hunting sling
Armour
 d - a +1 robe
 p - a +0 ring mail (worn)
Jewellery
 l - a ring of see invisible (left hand)
 m - a +3 ring of dexterity (right hand)
Scrolls
 b - a scroll of enchant armour {unknown}
 e - 3 scrolls of identify
 g - 2 scrolls of remove curse
 o - a scroll of fog
 s - a scroll of amnesia {unknown}
Potions
 c - a potion of heal wounds
 j - a potion of cancellation
 k - a potion of invisibility
 q - a potion of ambrosia
 r - 2 potions of brilliance {unknown}
Comestibles
 f - 2 rations


   Skills:
 + Level 6.2 Fighting
 + Level 6.0 Long Blades
 - Level 1.7 Throwing
 - Level 2.6 Dodging


You had 6 spell levels left.
You didn't know any spells.

Dungeon Overview and Level Annotations

Branches:
Dungeon (4/15)
 Temple: D:4-7

Altars:


Innate Abilities, Weirdness & Mutations

You have a pair of small horns on your head.
You are slightly more attuned to the shadows.
You are partially covered in sharp spines.


Message History

You hit the ogre but do no damage.
The ogre is moderately wounded.
You barely miss the ogre.
The ogre is moderately wounded.
The ogre hits you but does no damage.
You slash the ogre! Your headbutt misses the ogre.
The ogre is severely wounded.
The ogre completely misses you.
You barely miss the ogre. Your headbutt misses the ogre.
The ogre is severely wounded.
The ogre hits you with a giant club!!
* * * LOW HITPOINT WARNING * * *
You are too injured to fight recklessly!
Throwing (i - inventory):
h - a throwing net (quivered)
Press: ? - help, Shift-Dir - straight line, f - ogre
Aim: an ogre, wielding a giant club (severely wounded)
You throw a throwing net.
The throwing net closely misses the ogre.
The ogre hits you with a giant club!!
You die...

.................###.)..#
..###.[.....<...## #..#.# #.#
#...........####..#.######## ..#
#.................#........#
..##########.##...##..#........#
...........#.##.#.##..#........#
.##....###..<.....##..#........#
...............................#
..#..#.....#.#..@....#.........#
...............>O..............#
.......#.#.....................#
.........#.....................#
#.#####....###........#..#######
#.# ####..............#..#
#.###...>..[....(.....#..#
#.....#....###≈###....#..#
...####....#.#≈#.#.......#


You could see an ogre.

Vanquished Creatures
  A hippogriff (D:3)
  Grinder (D:4)
  Sigmund (D:4)
  An ogre (D:4)
  A bullfrog skeleton (D:4)
  A hound (D:4)
  A worker ant (D:4)
  2 adders (D:4)
  An adder skeleton (D:4)
  5 worms
  A dart slug (D:3)
  A leopard gecko (D:3)
  An orc (D:4)
  3 giant cockroaches
  4 hobgoblins
  6 bats
  3 frilled lizards
  5 goblins
  5 kobolds
  A leopard gecko skeleton (D:4)
  3 rats
  A fungus (D:4)
49 creatures vanquished.

Notes
Turn   | Place    | Note
-------+----------+-------------------------------------------
     0 | D:1      | zuho the Demonspawn Gladiator began the quest for the Orb.
     0 | D:1      | Reached XP level 1. HP: 16/16 MP: 1/1
   152 | D:1      | Gained mutation: You have a pair of small horns on your head. [demonic ancestry]
   152 | D:1      | Reached XP level 2. HP: 23/23 MP: 2/2
   185 | D:1      | You fall through a shaft!
  1085 | D:3      | Reached XP level 3. HP: 28/28 MP: 3/3
  1648 | D:3      | Noticed a hippogriff
  1656 | D:3      | HP: 1/29 [hippogriff (5)]
  1670 | D:3      | Killed a hippogriff
  1670 | D:3      | Reached XP level 4. HP: 38/38 MP: 4/4
  1670 | D:3      | Gained mutation: You are partially covered in sharp spines. [demonic ancestry]
  1670 | D:3      | Reached XP level 5. HP: 43/43 MP: 5/5
  1884 | D:4      | Noticed Sigmund
  1893 | D:4      | Killed Sigmund
  1893 | D:4      | Reached skill level 5 in Fighting
  1893 | D:4      | Reached skill level 5 in Long Blades
  1893 | D:4      | Gained mutation: You are slightly more attuned to the shadows. [demonic ancestry]
  1893 | D:4      | Reached XP level 6. HP: 46/51 MP: 6/6
  1921 | D:4      | Noticed Grinder
  1960 | D:4      | Killed Grinder
  1960 | D:4      | Reached XP level 7. HP: 44/57 MP: 7/7
  2538 | D:4      | Mangled by an ogre

Skill      XL: |  1  2  3  4  5  6  7 |
---------------+----------------------+-----
Long Blades    | 3 4 5 6 |  6.0
Fighting       | 4 5 6 |  6.2
Throwing       | |  1.7
Dodging        | |  2.6

Action                   |  1- 3 |  4- 6 |  7- 9 || total
-------------------------+-------+-------+-------++-------
Melee: Long sword        |    77 |    20 |    28 ||   125
       Headbutt          |     9 |     5 |    14 ||    28
Throw: Throwing net      |     4 |     2 |     2 ||     8
  Use: Potion            |     4 |     2 |     1 ||     7
       Scroll            |     4 |     1 |       ||     5
 Stab: Held in net/web   |     1 |       |     2 ||     3
       Invisible         |     1 |     3 |       ||     4
       Sleeping          |       |       |     2 ||     2
       Distracted        |       |       |     1 ||     1
  Eat: Ration            |     2 |       |       ||     2
Armor: Leather armour    |     7 |       |       ||     7
       Ring mail         |    16 |     4 |     5 ||    25
Dodge: Dodged            |    45 |    11 |     8 ||    64
       Rpst.: Long sword |    13 |     3 |     3 ||    19
